 Dungeon Crawl Stone Soup version 0.18.1-5-g4a78601 (webtiles) character file.

262454 4thArraOfDagon the Executioner (level 19, -6/180 HPs)
             Began as a Minotaur Fighter on May 9, 2016.
             Was a High Priest of the Shining One.
             Mangled by a death ooze (15 damage)
             ... created by the Royal Jelly
             ... on level 5 of the Pits of Slime.
             The game lasted 02:44:34 (19988 turns).

4thArraOfDagon the Executioner (Minotaur Fighter)  Turns: 19988, Time: 02:44:36

Health: -6/180     AC: 16    Str: 34    XL:     19   Next: 22%
Magic:  24/34      EV: 14    Int:  9    God:    the Shining One [*****.]
Gold:   1832       SH:  0    Dex: 14    Spells: 3 memorised, 9 levels left

rFire  + + .     SeeInvis .     V - +1 battleaxe (freeze)
rCold  + + +     Gourm    .     U - +1 gold dragon armour of Ruosi {rElec rPois rF+ rC+ Regen+}
rNeg   + + .     Faith    .     (shield currently unavailable)
rPois  +         Spirit   .     (helmet restricted)
rElec  +         Dismiss  .     C - +2 cloak
rCorr  +         Reflect  .     z - +2 pair of gloves {rC+}
SustAt .         Harm     .     i - +0 pair of boots "Eloru" {-Cast rF+ MP+9 Str+9} (curse)
MR     +....     NoCast   +     Y - amulet of regeneration
Stlth  ..........               Q - ring of resist corrosion
                                F - ring "Naaruj" {Dex+6 Stlth-}

@: corroded, glowing, somewhat resistant to hostile enchantments, extremely
unstealthy
A: retaliatory headbutt, horns 2, repulsion field 1, clumsy 1, cold resistance
1, regeneration 1, screaming 1, MP-powered wands
a: Divine Shield, Cleansing Flame, Summon Divine Warrior, Renounce Religion
}: 2/15 runes: barnacled, gossamer


You were on level 5 of the Pits of Slime.
You worshipped the Shining One.
The Shining One was extremely pleased with you.
You were full.

You visited 7 branches of the dungeon, and saw 42 of its levels.
You visited the Abyss 1 time.
You also visited: Ossuary, Ice Cave and Volcano.

You collected 3475 gold pieces.
You spent 1643 gold pieces at shops.

Inventory:

Hand Weapons
 V - a +1 battleaxe of freezing (weapon)
 W - a +2 war axe of protection
Missiles
 m - 5 throwing nets (quivered)
Armour
 b - the +0 shield of Pifuuh {rPois MR+ rCorr Dex-4}
   (You found it on level 5 of the Lair of Beasts)

   It affects your dexterity (-4).
   It protects you from poison.
   It affects your resistance to hostile enchantments.
   It protects you from acid and corrosion.
 i - the cursed +0 pair of boots "Eloru" (worn) {-Cast rF+ MP+9 Str+9}
   (You found it on level 3 of the Elven Halls)

   It affects your strength (+9).
   It protects you from fire.
   It affects your magic capacity (+9).
   It prevents spellcasting.
   It has a curse placed upon it.
 z - a +2 pair of gloves of cold resistance (worn)
 C - a +2 cloak (worn)
 U - the +1 gold dragon armour of Ruosi (worn) {rElec rPois rF+ rC+ Regen+}
   (You found it on level 3 of the Elven Halls)

   It protects you from fire.
   It protects you from cold.
   It insulates you from electricity.
   It protects you from poison.
   It increases your rate of regeneration.
Magical Staves
 E - an uncursed staff of conjuration {!a}
Jewellery
 a - the ring of the Mage {Wiz MR++ Int+3}
   (You took it off a deep elf death mage on level 3 of the Elven Halls)

   [ring of wizardry]

   It improves your spell success rate.
   It affects your intelligence (+3).
   It affects your resistance to hostile enchantments.
 l - an uncursed ring of protection from fire
 o - the amulet of Cekugob {Dismiss -Tele rElec rPois rN++ AC+1 EV+1}
   (You found it on level 3 of the Elven Halls)

   [amulet of dismissal]

   It may teleport away creatures that harm you.
   It affects your AC (+1).
   It affects your evasion (+1).
   It insulates you from electricity.
   It protects you from poison.
   It greatly protects you from negative energy.
   It prevents most forms of teleportation.
 q - the ring of Tuhac {MR++ Int+7 Dex-5 SInv}
   (You found it on level 3 of the Elven Halls)

   [ring of see invisible]

   It affects your intelligence (+7).
   It affects your dexterity (-5).
   It affects your resistance to hostile enchantments.
   It lets you see invisible.
 u - the ring of Kinod {+Fly rElec rF- rC+ rN++}
   (You bought it in a shop on level 2 of the Orcish Mines)

   [ring of flight]

   It makes you vulnerable to fire.
   It protects you from cold.
   It insulates you from electricity.
   It greatly protects you from negative energy.
   It lets you fly.
 F - the ring "Naaruj" (left hand) {Dex+6 Stlth-}
   (You took it off a deep elf sorcerer on level 3 of the Elven Halls)

   [ring of loudness]

   It affects your dexterity (+6).
   It makes you less stealthy.
 J - a +2 ring of strength
 Q - a ring of resist corrosion (right hand)
 Y - an amulet of regeneration (around neck)
Wands
 K - a wand of digging (9/24)
 R - a wand of iceblast (5/15)
Scrolls
 p - a scroll of silence
 s - 2 scrolls of enchant armour
 y - 10 scrolls of remove curse
 B - 2 scrolls of recharging
 M - a scroll of magic mapping
 O - 2 scrolls of enchant weapon
 P - a scroll of fog
Potions
 c - 5 potions of brilliance
 d - 2 potions of magic
 g - a potion of ambrosia
 j - 2 potions of might
 k - 6 potions of flight
 n - 4 potions of curing
 t - 3 potions of resistance
 A - 3 potions of cure mutation
 H - a potion of cancellation
 S - 5 potions of berserk rage
Miscellaneous
 e - a plain deck of defence {drawn: 1}
 v - 2 phantom mirrors
 w - a lamp of fire
 D - a legendary deck of defence {the Cloud}
 I - a phial of floods
 L - a box of beasts {used: 4}
 N - a legendary deck of changes {the Blade}
 X - a fan of gales (inert)
Comestibles
 f - 20 bread rations
 r - 6 meat rations


   Skills:
 + Level 18.4 Fighting
 * Level 24.1 Axes
 + Level 18.4 Armour
 + Level 10.2 Dodging
 - Level 3.6 Shields
 + Level 10.3 Invocations
 - Level 8.0 Evocations


You had 9 spell levels left.
You knew the following spells:

 Your Spells              Type           Power        Failure   Level  Hunger
a - Repel Missiles        Chrm/Air       #.....       100%        2    ###....
b - Swiftness             Chrm/Air       #.......     100%        2    ###....
c - Silence               Hex/Air        #.........   100%        5    ######.


Dungeon Overview and Level Annotations

Branches:
Dungeon (15/15)            Temple (0/1) D:5            Lair (8/8) D:11
 Shoals (4/4) Lair:5       Spider (4/4) Lair:5        Slime (6/6) Lair:8
    Orc (2/2) D:11            Elf (3/3) Orc:2
 Vaults: D:13-14     Depths: D:15

Altars:
Dithmenos
Fedhas
Gozag
Nemelex Xobeh
Pakellas
Qazlal
Sif Muna
Trog
Vehumet
Xom
Zin
The Shining One
Beogh
Jiyva

Shops:
D:4 [   D:9 }   D:11 (   Orc:1 %   Orc:2 (=[*   Elf:2 *

Annotations:
D:6 Hipnos's ghost, novice DEWz
D:7 inmateoo's ghost, novice CeHu
D:10 exclusion: obsidian statue
Lair:5 exclusion: oklob plant, skk's ghost, journeyman DrFi
Lair:6 exclusion: upstairs
Lair:8 exclusion: upstairs
Shoals:1 exclusion: Roxanne, Roxanne
Spider:1 Azrael
Slime:6 Royal Jelly


Innate Abilities, Weirdness & Mutations

You reflexively headbutt those who attack you in melee.
You have a pair of horns on your head.
You are surrounded by a mild repulsion field (EV +2).
You are clumsy. (Dex -2)
Your flesh is cold resistant.
Your natural rate of healing is unusually fast.
You occasionally shout uncontrollably at your foes.
You expend magic power (3 MP) to strengthen your wands.


Message History

You headbutt the death ooze! The death ooze barely misses you.
The jelly misses you. You furiously retaliate!
You headbutt the jelly.
Unknown command.
You fail to use your ability.
The slime creature hits you but does no damage.
The death ooze hits you!
* * * LOW HITPOINT WARNING * * *
The death ooze hits you!
* * * LOW HITPOINT WARNING * * *
The jelly misses you. You furiously retaliate!
You headbutt the jelly.
You kill the jelly!
Unknown command.
Drink which item? (? for menu, Esc to quit)
You feel much better. The death ooze hits you!!
* * * LOW HITPOINT WARNING * * *
The death ooze hits you but does no damage.
The slime creature hits you.
* * * LOW HITPOINT WARNING * * *
The death ooze hits you!
You die...

...............
.#...............
...........#.....
..........#.#....
.........#.......
.................
.......>.........
..#.....JJ.....#.
......#..@......#
................#
................#
.................
....#.#...^...#.#
..........#....##
..........#...#
......... ..##


You could see a slime creature and a death ooze.

Vanquished Creatures
  A deep elf master archer (Elf:3)
  9 acid blobs
  2 deep elf blademasters (Elf:3)
  2 tentacled starspawn (Abyss:3)
  Ilsuiw (Shoals:4)
  4 azure jellies
  4 deep elf sorcerers (Elf:3)
  4 ghost moths
  7 emperor scorpions
  Aizul (Spider:4)
  A deep elf elementalist (Elf:3)
  An ophan (Abyss:3)
  5 deep elf demonologists (Elf:3)
  5 deep elf annihilators
  6 deep elf death magi
  Josephine (D:14)
  5 merfolk impalers (Shoals:4)
  3 merfolk javelineers
  3 deep elf high priests (Elf:3)
  2 hydras (Lair:8)
  3 great orbs of eyes
  2 entropy weavers
  A satyr (Shoals:4)
  A centaur warrior (D:14)
  A merfolk avatar (Shoals:4)
  6 merfolk aquamancers
  9 dancing weapons
  A thrashing horror (Abyss:3)
  3 orc high priests
  14 deep elf knights
  Nergalle (D:11)
  4 skeletal warriors (D:13)
  A shadow wraith (Abyss:3)
  7 sea snakes
  A giant orange brain (Abyss:3)
  7 deep elf archers
  A hill giant (D:12)
  3 orc knights (Orc:2)
  A shadow dragon skeleton (Abyss:3)
  16 harpies
  A necromancer (IceCv)
  6 orb spiders
  5 hornets
  6 ugly things (D:15)
  3 cyclopes
  7 fauns
  3 shining eyes
  41 deep elf magi
  7 manticores
  15 wolf spiders
  8 griffons
  2 orc sorcerers
  A moth of wrath (Spider:4)
  4 sirens
  2 water nymphs
  16 elephants
  7 large abominations (Abyss:3)
  2 smoke demons (Abyss:3)
  An eye of devastation (Slime:1)
  4 black mambas
  14 spiny frogs
  An orange demon (Abyss:3)
  An ice statue (IceCv)
  A torpor snail (Lair:4)
  A gargoyle (D:15)
  A rime drake (Lair:4)
  2 centaur skeletons (D:14)
  3 komodo dragons
  9 demonic crawlers
  11 freezing wraiths
  An ancient zyme (Abyss:3)
  8 starcursed masses (Abyss:3)
  A polar bear (D:13)
  A tengu conjurer (D:15)
  19 jumping spiders
  7 trolls
  25 merfolk
  2 polar bears (shapeshifter)
  Grinder (D:3)
  6 snapping turtles
  A two-headed ogre (D:9)
  14 blink frogs
  2 boulder beetles
  50 slime creatures
  61 redbacks
  A shadow (D:14)
  A spriggan (D:10)
  An air elemental (Elf:2)
  10 tarantellas
  2 wyverns
  12 water elementals
  27 yaks
  2 ynoxinuls (Abyss:3)
  2 vampires
  7 wraiths
  Eustachio (D:5)
  6 hippogriffs
  A chaos spawn (Abyss:3)
  2 neqoxecs (Abyss:3)
  3 small abominations (Abyss:3)
  11 fire elementals
  2 hungry ghosts
  3 vampire mosquitoes (Lair:8)
  Edmund (D:5)
  A warg (Orc:1)
  13 water moccasins
  A soldier ant (D:13)
  A giant eyeball (Slime:5)
  3 hell hounds
  10 porcupines
  21 ice beasts
  5 sky beasts
  32 orc warriors
  4 wasps
  9 ogres
  A black bear (Lair:5)
  3 phantoms
  18 wolves
  2 eyes of draining
  2 necrophages
  10 crocodiles
  9 centaurs
  6 big kobolds
  23 giant frogs
  An earth elemental (Elf:3)
  2 elf skeletons (D:8)
  5 scorpions
  An elephant simulacrum (IceCv)
  5 killer bees (D:14)
  11 wights
  2 electric eels
  5 howler monkeys
  26 jellies
  2 crimson imps
  5 centaur zombies
  7 hounds
  2 quasits
  6 giant frog zombies
  2 draconian simulacra (IceCv)
  16 orc priests
  4 giant frog skeletons
  Crazy Yiuf (D:5)
  23 orc wizards
  Natasha (D:2)
  4 gnoll shamans (D:4)
  Ijyb (D:3)
  A human skeleton (D:8)
  8 iguanas
  7 worker ants
  6 troll simulacra (IceCv)
  2 polar bear simulacra (IceCv)
  3 spriggan simulacra (IceCv)
  9 sheep
  A wolf simulacrum (IceCv)
  A giant frog simulacrum (D:12)
  5 centaur simulacra
  A hound skeleton (D:4)
  A mummy (Ossuary)
  A howler monkey zombie (D:6)
  A worker ant zombie (D:7)
  Robin (D:3)
  26 gnolls (D:4)
  A howler monkey skeleton (D:4)
  10 adders
  3 naga simulacra (IceCv)
  2 ogre simulacra (IceCv)
  37 river rats
  15 white imps
  5 ufetubi
  An adder zombie (D:5)
  A dart slug (D:5)
  3 giant geckos
  89 orcs
  A bat (D:2)
  6 giant cockroaches
  7 goblins (D:3)
  6 hobgoblins
  17 jackals
  39 kobolds
  3 quokkas
  2 ball pythons
  2 giant newts
  8 gnoll skeletons (Ossuary)
  5 kobold skeletons (Ossuary)
  15 orc skeletons
  2 quokka zombies
  9 fungi
  8 plants
1306 creatures vanquished.

Vanquished Creatures (collateral kills)
  A deep elf master archer (Elf:3)
  2 acid blobs (Slime:6)
  The ghost of Kite the Severer, an adept MiBe of Trog (Spider:3)
  An azure jelly (Slime:2)
  The ghost of CcS the Executioner, a journeyman HOBe of Trog (Spider:1)
  An orc warlord (Orc:2)
  Maud (D:13)
  4 deep elf sorcerers (Elf:3)
  2 deep elf elementalists (Elf:3)
  3 deep elf annihilators (Elf:3)
  A deep elf demonologist (Elf:3)
  A deep elf death mage (Elf:3)
  Snorg (D:14)
  3 merfolk impalers
  2 merfolk javelineers (Shoals:4)
  A death ooze (Slime:3)
  A vault guard (D:14)
  A deep elf high priest (Elf:3)
  An entropy weaver (Spider:4)
  A hydra (Lair:8)
  3 merfolk aquamancers
  3 orc high priests (Orc:2)
  2 dancing weapons (Elf:1)
  A deep elf knight (Elf:3)
  A giant orange brain (Slime:3)
  2 sea snakes (Shoals:4)
  2 orb spiders
  A deep elf mage (Elf:3)
  A harpy (Shoals:4)
  3 shining eyes
  3 orc sorcerers (Orc:2)
  A manticore (Shoals:4)
  A hornet (Spider:4)
  Maurice (D:13)
  3 elephants (Lair:8)
  2 water nymphs (Shoals:4)
  A siren (Shoals:4)
  2 gargoyles (Volcano)
  A spiny frog (Lair:8)
  A demonic crawler (Spider:4)
  A polar bear (D:13)
  4 merfolk (Shoals:4)
  7 slime creatures
  A snapping turtle (Shoals:4)
  2 blink frogs (Lair:8)
  3 water elementals
  A redback (Spider:4)
  A wyvern (D:14)
  A tarantella (Spider:4)
  3 yaks
  A human (D:14)
  2 vampire mosquitoes (Lair:8)
  4 orc warriors (Orc:2)
  A black bear (D:13)
  5 giant frogs (Lair:8)
  2 electric eels (Lair:8)
  A crimson imp (D:13)
  2 jellies
  4 orc priests (Orc:2)
  4 orc wizards (Orc:2)
  2 river rats (Lair:8)
  5 orcs (Orc:2)
122 creatures vanquished.

Vanquished Creatures (others)
  A jumping spider (Spider:4)
  A raiju (Abyss:3)
  3 water elementals
  A hungry ghost (D:10)
  An ogre (D:6)
  2 fire vortices (Volcano)
  4 fungi
  8 plants
  13 starspawn tentacles (Abyss:3)
  52 starspawn tentacle segments (Abyss:3)
  8 tentacles
  49 tentacle segments (Shoals:2)
143 creatures vanquished.

Grand Total: 1571 creatures vanquished

Notes
Turn   | Place    | Note
--------------------------------------------------------------
     0 | D:1      | 4thArraOfDagon the Minotaur Fighter began the quest for the Orb.
     0 | D:1      | Reached XP level 1. HP: 19/19 MP: 0/0
     0 | D:1      | Noticed a felid
     0 | D:1      | Noticed a human
     3 | D:1      | Noticed a centaur
     3 | D:1      | Noticed a naga
     7 | D:1      | Noticed an ogre
     9 | D:1      | Noticed an ogre
    11 | D:1      | Noticed a spriggan
    13 | D:1      | Noticed a centaur
    13 | D:1      | Noticed a human
    15 | D:1      | Noticed an elf
    15 | D:1      | Noticed an elf
    17 | D:1      | Noticed a gargoyle
    17 | D:1      | Noticed an octopode
    19 | D:1      | Noticed a minotaur
    19 | D:1      | Noticed a troll
    21 | D:1      | Noticed an octopode
    79 | D:2      | Found a deep blue altar of Sif Muna.
    79 | D:2      | Found a blossoming altar of Fedhas.
   136 | D:2      | Found a stormy altar of Qazlal.
   137 | D:2      | Noticed an earth elemental
   196 | D:4      | Found a glowing golden altar of the Shining One.
   203 | D:4      | Reached skill level 3 in Axes
   203 | D:4      | Reached XP level 2. HP: 24/27 MP: 1/1
   207 | D:4      | Reached XP level 3. HP: 31/33 MP: 2/2
   223 | D:4      | Found Vyfecveted's Armour Emporium.
   247 | D:4      | Reached skill level 4 in Axes
   247 | D:4      | Reached XP level 4. HP: 40/40 MP: 3/3
   264 | D:5      | Entered Level 5 of the Dungeon
   376 | D:4      | Reached XP level 5. HP: 32/47 MP: 4/4
   384 | D:4      | Reached skill level 5 in Axes
   522 | D:4      | Noticed a phantom
   554 | D:3      | Noticed Robin
   569 | D:3      | Killed Robin
   789 | D:6      | Gained mutation: Your flesh is cold resistant. [potion of mutation]
   789 | D:6      | Gained mutation: You have supernaturally acute eyesight. [potion of mutation]
   816 | D:6      | Noticed a sky beast
   827 | D:6      | Noticed Hipnos's ghost (novice DEWz)
   840 | D:6      | Killed a sky beast
   840 | D:6      | Reached skill level 5 in Fighting
   840 | D:6      | Reached skill level 6 in Axes
   840 | D:6      | Reached skill level 5 in Armour
   840 | D:6      | Reached XP level 6. HP: 37/56 MP: 5/5
   917 | D:6      | You fall through a shaft!
   935 | D:7      | Noticed a sky beast
   948 | D:7      | Killed a sky beast
   969 | D:7      | Gained mutation: Your natural rate of healing is unusually fast. [mutagenic meat]
   970 | D:7      | Gained mutation: You evolve. [mutagenic meat]
   971 | D:7      | Lost mutation: You evolve. [mutagenic meat]
   972 | D:7      | Gained mutation: You are surrounded by a mild repulsion field (EV +2). [mutagenic meat]
  1102 | D:7      | Noticed an orc warrior
  1149 | D:7      | Killed an orc warrior
  1149 | D:7      | Reached skill level 7 in Axes
  1149 | D:7      | Reached XP level 7. HP: 39/61 MP: 6/6
  1275 | D:5      | Found a radiant altar of Vehumet.
  1438 | D:7      | Reached skill level 8 in Axes
  1501 | D:7      | Learned a level 2 spell: Repel Missiles
  1504 | D:7      | Learned a level 2 spell: Swiftness
  1567 | D:7      | Reached XP level 8. HP: 71/71 MP: 7/7
  1782 | D:6      | Reached skill level 9 in Axes
  1800 | D:7      | Noticed inmateoo's ghost (novice CeHu)
  1999 | D:4      | oh well
  2002 | D:4      | Became a worshipper of the Shining One
  2171 | D:3      | Noticed Ijyb
  2181 | D:3      | Killed Ijyb
  2197 | D:3      | Noticed Grinder
  2211 | D:3      | Killed Grinder
  2252 | D:2      | Noticed Natasha
  2256 | D:2      | Killed Natasha
  2351 | D:4      | Reached skill level 10 in Axes
  2389 | D:4      | lag
  2466 | D:4      | Reached XP level 9. HP: 73/80 MP: 8/8
  2508 | D:4      | Reached * piety under the Shining One
  2667 | D:5      | Noticed Edmund
  2678 | D:5      | Killed Edmund
  2741 | D:5      | Noticed Eustachio
  2745 | D:5      | Killed Eustachio
  2766 | D:5      | Noticed Crazy Yiuf
  2775 | D:5      | Killed Crazy Yiuf
  2846 | D:5      | Found a staircase to the Ecumenical Temple.
  2879 | D:5      | Reached skill level 11 in Axes
  2890 | D:5      | Found a sparkling altar of Nemelex Xobeh.
  3003 | D:7      | Reached skill level 1 in Invocations
  3065 | D:8      | 4thArraOfDagon: laggggggg
  3082 | D:8      | Got a bloodstained ring mail
  3111 | D:8      | Identified the cursed +1 ring mail "Pairul" {rPois MR++ Regen+ Slay-3} (You found it on level 8 of the Dungeon)
  3155 | D:8      | 4thArraOfDagon: hii
  3324 | D:8      | Noticed a troll
  3339 | D:8      | Found a glowing silver altar of Zin.
  3341 | D:8      | Found a shadowy altar of Dithmenos.
  3416 | D:8      | Found a sand-covered staircase.
  3426 | Ossuary  | Entered an ossuary
  3426 | Ossuary  | Reached ** piety under the Shining One
  3481 | Ossuary  | Reached *** piety under the Shining One
  3566 | Ossuary  | Reached skill level 10 in Fighting
  3566 | Ossuary  | Reached skill level 13 in Axes
  3566 | Ossuary  | Reached skill level 10 in Armour
  3566 | Ossuary  | Reached skill level 5 in Invocations
  3566 | Ossuary  | Reached XP level 10. HP: 94/94 MP: 9/12
  3787 | D:9      | Found a shimmering altar of Xom.
  3834 | D:9      | Found an oddly glowing altar of Pakellas.
  3834 | D:9      | Found Pakellas's Prime Provisions.
  3850 | D:9      | Reached **** piety under the Shining One
  3870 | D:9      | Reached XP level 11. HP: 101/101 MP: 13/13
  3978 | D:9      | Turgon: Hi, welcome back to crawl!
  4114 | D:10     | Entered Level 10 of the Dungeon
  4115 | D:10     | 4thArraOfDagon: hiiiii
  4120 | D:10     | 4thArraOfDagon: wb
  4120 | D:10     | 4thArraOfDagon: i'm not back for good tho
  4152 | D:10     | Turgon: You had a break for a while
  4158 | D:10     | Reached skill level 14 in Axes
  4187 | D:10     | Reached ***** piety under the Shining One
  4238 | D:10     | Noticed an obsidian statue
  4317 | D:10     | BLOAX: chop chop goes the minochop
  4340 | D:10     | BLOAX: get to da choppa
  4380 | D:10     | 4thArraOfDagon: choppa
  4385 | D:10     | 4thArraOfChoppa
  4767 | D:11     | Found a staircase to the Orcish Mines.
  4768 | D:11     | Found Suer's Weapon Shoppe.
  4770 | D:11     | Noticed Nergalle
  4817 | Orc:1    | Entered Level 1 of the Orcish Mines
  4817 | Orc:1    | Noticed an orc high priest
  4890 | D:11     | Killed Nergalle
  4975 | D:11     | Found a staircase to the Lair.
  5090 | D:11     | Reached skill level 15 in Axes
  5345 | D:12     | Noticed a hill giant
  5353 | D:12     | Killed a hill giant
  5426 | D:12     | Noticed a cyan ugly thing
  5427 | D:12     | Noticed a purple ugly thing
  5464 | D:12     | Found a frozen archway.
  5474 | IceCv    | Entered an ice cave
  5499 | IceCv    | Reached XP level 12. HP: 112/112 MP: 14/14
  5576 | IceCv    | Reached ****** piety under the Shining One
  5656 | IceCv    | Reached skill level 16 in Axes
  5752 | IceCv    | Found an ancient bone altar of Kikubaaqudgha.
  6030 | D:13     | Noticed a centaur warrior
  6118 | D:13     | Reached skill level 1 in Evocations
  6147 | D:13     | Noticed Maud
  6155 | D:13     | Killed Maud
  6244 | D:13     | Noticed Maurice
  6256 | D:13     | Killed Maurice
  6256 | D:13     | Reached skill level 17 in Axes
  6572 | D:14     | Noticed Josephine
  6581 | D:14     | Killed Josephine
  6581 | D:14     | Reached XP level 13. HP: 119/119 MP: 15/15
  6627 | D:14     | Found an opulent altar of Gozag.
  6641 | D:14     | timbw: hi
  6653 | D:14     | BLOAX: hi
  6707 | D:14     | 4thArraOfDagon: hi
  6747 | D:14     | 4thArraOfDagon: wow
  6747 | D:14     | 4thArraOfDagon: so many vets here
  6793 | D:14     | 4thArraOfDagon: tedronai, ages i didn't see you
  6913 | D:14     | Noticed Snorg
  6926 | D:14     | BLOAX: Man apparently I am an oldfag now.
  6953 | D:14     | BLOAX: all these goshdarned newfags
  6963 | D:14     | BLOAX: who don't know about the horrors of forest
  6975 | D:14     | Noticed a vault guard
  6975 | D:14     | Noticed a vault guard
  7116 | D:15     | Entered Level 15 of the Dungeon
  7276 | D:15     | Noticed a fire giant
  7312 | D:14     | Killed Snorg
  7363 | D:14     | Killed a vault guard
  7380 | D:14     | Noticed a vault guard
  7748 | Orc:1    | Reached skill level 18 in Axes
  7848 | Orc:2    | Entered Level 2 of the Orcish Mines
  7848 | Orc:2    | Found a bloodstained altar of Trog.
  7900 | Orc:2    | Found a staircase to the Elven Halls.
  7999 | Orc:1    | Found Lathif's Food Shoppe.
  8102 | Orc:2    | Found a roughly hewn altar of Beogh.
  8163 | Orc:2    | Paralysed by an orc sorcerer for 6 turns
  8174 | Orc:2    | Noticed an orc warlord
  8176 | Orc:2    | 4thArraOfDagon: which one is heal wounds
  8176 | Orc:2    | timbw: t.t
  8194 | Orc:2    | timbw: you have silence scroll?
  8194 | Orc:2    | 4thArraOfDagon: ye
  8194 | Orc:2    | BLOAX: that is a very conveniently placed smiter
  8197 | Orc:2    | timbw: those guys north east
  8199 | Orc:2    | timbw: were not very pleasant
  8205 | Orc:2    | 4thArraOfDagon: tyyyy
  8251 | Orc:2    | timbw: did that angel whip him 3 times in 1 aut
  8256 | Orc:2    | timbw: I didnt realize they attacked that fast
  8268 | Orc:2    | 4thArraOfDagon: they might have some synergy with holy weps?id
  8268 | Orc:2    | 4thArraOfDagon: idk
  8269 | Orc:2    | BLOAX: @??angel
  8269 | Orc:2    | beem: angel (A)
                  | Spd:
    15 | HD: 12   | HP: 86-118
                  | AC/EV: 12/20
                  | Dam: 25, 10
                  | holy, weapons, items, doors, fighter, see invisible, fly
                  | Res: magic(120), elec, poison, rot, neg+++, holy
                  | XP: 1553
                  | Sp: minor healing (2d6) [!sil]
                  | Sz: Medium
                  | Int: human.
  8270 | Orc:2    | BLOAX: angels are fast
  8311 | Orc:2    | timbw: I thought that speed was movement only
  8329 | Orc:2    | BLOAX: that's only if it says something like
  8365 | Orc:2    | BLOAX: @??red ugly thing
  8365 | Orc:2    | timbw: man angels would wreck
  8365 | Orc:2    | beem: red ugly thing (u)
                  | Spd: 10 (move: 90%)
                  | HD: 12
                  | HP: 54-79
                  | AC/EV: 4/10
                  | Dam: 17(fire:12-23)
                  | doors
                  | Res: magic(40), fire, napalm
                  | Vul: silver
                  | Chunks: mutagenic
                  | XP:
   553 | Sz: Medium | Int: animal.
  8366 | Orc:2    | timbw: if they had bigger weapons
  8369 | Orc:2    | BLOAX: move (x%)
  8400 | Orc:2    | BLOAX: remember the good old days of yred
  8401 | Orc:2    | BLOAX: @??ghoul
  8401 | Orc:2    | beem: ghoul (n)
                  | Spd:
    10 | HD: 14   | HP: 120-172
                  | AC/EV: 4/10
                  | Dam: 30, 30
                  | undead, doors, evil, unbreathing
                  | Res: magic(80), cold, poison+++, drown, rot, neg+++, torm
                  | Vul: holy++
                  | Chunks: noxious
                  | XP:
  1549 | Sz: Medium | Int: human.
  8409 | Orc:2    | BLOAX: ghouls with vamp tridents
  8420 | Orc:2    | BLOAX: and gdas
  8456 | Orc:2    | Reached skill level 5 in Evocations
  8493 | Orc:2    | Killed an orc warlord
  8550 | Orc:2    | Tedronai: oh 4thArra, hi btw :D I just noticed I idled for 30 min in your game :D
  8640 | Orc:2    | Reached XP level 14. HP: 122/130 MP: 16/16
  8651 | Orc:2    | Found Xuh Ceyn's Antique Armour Shop.
  8652 | Orc:2    | Found Tubrulo's Antique Weapon Boutique.
  8653 | Orc:2    | Found Juzuar's General Store.
  8653 | Orc:2    | Found Kyeny's Jewellery Shop.
  8669 | Orc:2    | Bought a translucent scale mail for 288 gold pieces
  8672 | Orc:2    | 4thArraOfDagon: hiii
  8672 | Orc:2    | 4thArraOfDagon: how dare you to idle in my game
  8672 | Orc:2    | 4thArraOfDagon: no sleeping
  8672 | Orc:2    | Tedronai: sorry :/
  8672 | Orc:2    | 4thArraOfDagon: party 24/7
  8694 | Orc:2    | Identified the cursed +1 scale mail of Makhleb's Favour {-Cast rC+++ Int+7 Dex-4} (You bought it in a shop on level 2 of the Orcish Mines)
  8770 | Orc:2    | BLOAX: nothing in the jew shop?
  8879 | Orc:2    | 4thArraOfDagon: nothing
  8879 | Orc:2    | BLOAX: ring of relec is at least something
  8879 | Orc:2    | 4thArraOfDagon: mmmm hmmm
  8879 | Orc:2    | 4thArraOfDagon: yeah
  8952 | Orc:2    | Bought the ring of Kinod {+Fly rElec rF- rC+ rN++} for 588 gold pieces
  9028 | Orc:1    | timbw: regen amulet
  9092 | Lair:1   | Entered Level 1 of the Lair of Beasts
  9102 | Lair:1   | timbw: how u ignore that
  9112 | Lair:1   | timbw: regen is love
  9112 | Lair:1   | 4thArraOfDagon: thats ripoff!
  9112 | Lair:1   | 4thArraOfDagon: i won't give that much for it
  9112 | Lair:1   | timbw: what
  9112 | Lair:1   | timbw: what sort of future shops are you expecting
  9112 | Lair:1   | 4thArraOfDagon: even if i had godzilion of gold pieces and gozag
  9112 | Lair:1   | timbw: they will be full of food
  9112 | Lair:1   | timbw: and nothing else
  9129 | Lair:1   | 4thArraOfDagon: yeah
  9129 | Lair:1   | 4thArraOfDagon: what would i expect from jew shop
  9272 | Lair:3   | BLOAX: can't wait until there's a united account system
  9297 | Lair:3   | BLOAX: so that we may get banned for being too profane
  9831 | Lair:4   | Found a dark tunnel.
  9837 | Volcano  | Entered a volcano
  9966 | Volcano  | Reached skill level 19 in Axes
 10145 | Lair:5   | Found a staircase to the Shoals.
 10216 | Lair:5   | Noticed skk's ghost (journeyman DrFi)
 10301 | Lair:6   | Found a shimmering altar of Xom.
 10362 | Lair:5   | BLOAX: for anti-semitism, racism and various other isms
 10377 | Lair:5   | Got a brightly glowing shield
 10410 | Lair:5   | Identified the cursed +0 shield of Pifuuh {rPois MR+ rCorr Dex-4} (You found it on level 5 of the Lair of Beasts)
 10410 | Lair:5   | gut
 10410 | Lair:5   | BLOAX: shield of lair
 10426 | Lair:6   | timbw: to bad its a shield
 10865 | Lair:8   | Entered Level 8 of the Lair of Beasts
 11019 | Lair:8   | Reached skill level 15 in Armour
 11079 | Lair:8   | Reached XP level 15. HP: 119/139 MP: 13/19
 11113 | Lair:8   | BLOAX: even scared the anons off!
 11160 | Lair:8   | Learned a level 5 spell: Silence
 11211 | Lair:8   | 4thArraOfDagon: this is so fantastic game
 11211 | Lair:8   | 4thArraOfDagon: i know
 11215 | Lair:8   | Got a bronze ring mail
 11216 | Lair:8   | Identified the +1 ring mail of Lifelessness {rF++ Str-2 Dex+6} (You found it on level 8 of the Lair of Beasts)
 11390 | Lair:8   | Found a staircase to the Slime Pits.
 11412 | Lair:8   | Reached skill level 15 in Fighting
 11533 | Lair:7   | BLOAX: what more is there to do when devs hate you
 11583 | Lair:6   | BLOAX: maybe not personally
 11585 | Lair:5   | 4thArraOfDagon: yeah
 11585 | Lair:5   | BLOAX: but certainly the turncount speedrunning
 11604 | Lair:5   | Found a hole to the Spider Nest.
 11621 | Lair:5   | BLOAX: ooh spooky scary scummers
 11698 | Shoals:1 | Entered Level 1 of the Shoals
 11719 | Shoals:1 | Reached skill level 20 in Axes
 11866 | Shoals:1 | Noticed Roxanne
 12243 | Shoals:2 | Noticed a kraken
 12515 | Shoals:3 | 4thArraOfDagon: yeah
 12515 | Shoals:3 | 4thArraOfDagon: oh well
 12515 | Shoals:3 | 4thArraOfDagon: at least we've reached the point
 12515 | Shoals:3 | 4thArraOfDagon: when it doesn't matter
 12515 | Shoals:3 | 4thArraOfDagon: so
 12515 | Shoals:3 | 4thArraOfDagon: yeah
 12515 | Shoals:3 | 4thArraOfDagon: just play a game
 12515 | Shoals:3 | 4thArraOfDagon: push the buttons
 12515 | Shoals:3 | 4thArraOfDagon: click click click
 12515 | Shoals:3 | 4thArraOfDagon: pick up the orb
 12515 | Shoals:3 | 4thArraOfDagon: and go and win
 12515 | Shoals:3 | 4thArraOfDagon: and f it
 12532 | Shoals:3 | Got a scorched ring mail
 12548 | Shoals:3 | Identified the +2 ring mail of Supple Strength {rElec Regen+ Int+2} (You found it on level 3 of the Shoals)
 12721 | Shoals:4 | Entered Level 4 of the Shoals
 12782 | Shoals:4 | 4thArraOfDagon: push the button bloax
 12782 | Shoals:4 | 4thArraOfDagon: have fun
 12782 | Shoals:4 | 4thArraOfDagon: xd
 12907 | Shoals:4 | Noticed Ilsuiw
 12932 | Shoals:4 | Cast into level 3 of the Abyss (merfolk aquamancer)
 13088 | Abyss:3  | Found a corrupted altar of Lugonu.
 13161 | Abyss:3  | Reached skill level 21 in Axes
 13167 | Abyss:3  | Reached skill level 1 in Dodging
 13172 | Abyss:3  | Found a stormy altar of Qazlal.
 13218 | Abyss:3  | Gained mutation: You occasionally shout uncontrollably at your foes. [a neqoxec]
 13228 | Abyss:3  | Paralysed by accursed screaming for 1 turns
 13257 | Abyss:3  | BLOAX: 5555555555555555555555555555555555555555555555
 13302 | Abyss:3  | Noticed a tentacled starspawn
 13314 | Abyss:3  | Killed a tentacled starspawn
 13348 | Abyss:3  | Reached XP level 16. HP: 151/151 MP: 17/21
 13370 | Abyss:3  | 4thArraOfDagon: remember to mix it up
 13370 | Abyss:3  | 4thArraOfDagon: with o
 13392 | Abyss:3  | BLOAX: don't forget the magic button
 13392 | Abyss:3  | BLOAX: the special sauce
 13461 | Abyss:3  | BLOAX: tabtabtabtabtabtabtabtab
 13528 | Abyss:3  | Noticed a tentacled starspawn
 13549 | Abyss:3  | Killed a tentacled starspawn
 13585 | Abyss:3  | 4thArraOfDagon: don't forget
 13585 | Abyss:3  | 4thArraOfDagon: about restarting new combo after juggernaut shrikes
 13590 | Shoals:4 | Escaped the Abyss
 13593 | Shoals:4 | BLOAX: introducing the all new shrike giants
 13612 | Shoals:4 | jacquesderrida: dang NICE
 13612 | Shoals:4 | Killed Ilsuiw
 13740 | Shoals:4 | 4thArraOfDagon: introducing
 13740 | Shoals:4 | 4thArraOfDagon: ABBADAG
 13740 | Shoals:4 | 4thArraOfDagon: ABBADAH
 13906 | Shoals:4 | BLOAX: no
 13925 | Shoals:4 | BLOAX: too eurocentric
 13961 | Shoals:4 | BLOAX: Azequededla'q
 14149 | Shoals:4 | Got a barnacled rune of Zot
 14384 | Shoals:1 | Noticed a kraken
 14537 | Spider:1 | Entered Level 1 of the Spider Nest
 14613 | Spider:1 | Reached skill level 5 in Dodging
 14916 | Spider:2 | BLOAX: https://www.youtube.com/watch?v=_hiSN0omvjU
 15026 | Spider:1 | 4thArraOfDagon: sounds like crazy soundtrack
 15026 | Spider:1 | 4thArraOfDagon: for crazy platformer
 15048 | Spider:1 | BLOAX: racing game, actually
 15084 | Spider:1 | Noticed CcS's ghost (journeyman HOBe)
 15085 | Spider:1 | hi
 15122 | Spider:1 | Killed CcS's ghost
 15465 | Spider:4 | Entered Level 4 of the Spider Nest
 15484 | Spider:4 | Reached skill level 22 in Axes
 15567 | Spider:4 | Noticed Aizul
 15592 | Spider:4 | Killed Aizul
 15628 | Spider:4 | Reached XP level 17. HP: 85/160 MP: 18/22
 15718 | Spider:3 | Noticed Kite's ghost (adept MiBe)
 15723 | Spider:3 | Killed Kite's ghost
 16617 | Spider:4 | Got a gossamer rune of Zot
 16898 | Spider:1 | Noticed Azrael
 17106 | Elf:1    | Entered Level 1 of the Elven Halls
 17136 | Elf:1    | Found a radiant altar of Vehumet.
 17464 | Elf:3    | Entered Level 3 of the Elven Halls
 17900 | Elf:3    | Reached skill level 23 in Axes
 17979 | Elf:3    | Reached XP level 18. HP: 170/170 MP: 23/23
 18170 | Elf:3    | Noticed an Ice Fiend
 18208 | Elf:3    | Got an ancient platinum ring
 18210 | Elf:3    | Identified the ring "Naaruj" {Dex+6 Stlth-} (You took it off a deep elf sorcerer on level 3 of the Elven Halls)
 18506 | Elf:3    | BLOAX: faintly glowing -1 gda
 18524 | Elf:3    | Got a faintly glowing gold dragon armour
 18566 | Elf:3    | Identified the +1 gold dragon armour of Ruosi {rElec rPois rF+ rC+ Regen+} (You found it on level 3 of the Elven Halls)
 18567 | Elf:3    | BLOAX: oh hey
 18567 | Elf:3    | 4thArraOfDagon: almost
 18567 | Elf:3    | BLOAX: it's actually good
 18577 | Elf:3    | BLOAX: not amazing
 18577 | Elf:3    | BLOAX: but still good despite being +1
 18587 | Elf:3    | Got a pair of ichor-stained boots
 18588 | Elf:3    | BLOAX: haha
 18589 | Elf:3    | Got a warped copper ring
 18600 | Elf:3    | Identified the cursed +0 pair of boots "Eloru" {-Cast rF+ MP+9 Str+9} (You found it on level 3 of the Elven Halls)
 18600 | Elf:3    | BLOAX: dang
 18600 | Elf:3    | BLOAX: sexy
 18600 | Elf:3    | 4thArraOfDagon: shmexy
 18603 | Elf:3    | Identified the ring of Tuhac {MR++ Int+7 Dex-5 SInv} (You found it on level 3 of the Elven Halls)
 18606 | Elf:3    | BLOAX: i guess that's one way of having a sinv ring
 18606 | Elf:3    | BLOAX: lol
 18609 | Elf:3    | Identified the Handbook of Cankerous Hexes
 18737 | Elf:3    | BLOAX: rip digwand
 18737 | Elf:3    | 4thArraOfDagon: RIP
 18849 | Elf:2    | Found Lesen's General Store.
 18854 | Elf:2    | Bought a phantom mirror for 390 gold pieces
 18854 | Elf:2    | Bought a scroll of enchant armour for 97 gold pieces
 19136 | Orc:2    | 4thArraOfDagon: fail...
 19136 | Orc:2    | Bought an uncursed ring of resist corrosion for 280 gold pieces
 19501 | Slime:1  | Entered Level 1 of the Pits of Slime
 19517 | Slime:1  | Gained mutation: You expend magic power (3 MP) to strengthen your wands. [a shining eye]
 19547 | Slime:2  | BLOAX: doing slime with a +1 battleaxe
 19547 | Slime:2  | BLOAX: powerful...
 19549 | Slime:2  | Gained mutation: You are clumsy. (Dex -2) [a shining eye]
 19559 | Slime:2  | Reached skill level 10 in Invocations
 19602 | Slime:3  | Lost mutation: You have supernaturally acute eyesight. [a shining eye]
 19615 | Slime:3  | Reached XP level 19. HP: 152/179 MP: 25/25
 19664 | Slime:5  | Reached skill level 24 in Axes
 19694 | Slime:5  | Reached skill level 10 in Dodging
 19735 | Slime:6  | Entered Level 6 of the Pits of Slime
 19917 | Slime:6  | Found a viscous altar of Jiyva.
 19920 | Slime:6  | Noticed the Royal Jelly
 19945 | Slime:6  | BLOAX: looks like you're heading for a https://www.youtube.com/watch?v=DGIKjXy8Dfo
 19974 | Slime:6  | 4thArraOfDagon: now
 19987 | Slime:5  | HP: 8/180 [death ooze[the Royal Jelly] (9)]
 19988 | Slime:5  | Mangled by a death ooze

Skill      XL: |  1  2  3  4  5  6  7  8  9 10 11 12 13 14 15 16 17 18 19 |
---------------+----------------------------------------------------------+-----
Axes           | 3 4 6 7 8 10 13 15 17 18 19 21 22 23 24 | 24.1
Armour         | 4 5 6 7 10 11 13 14 15 16 17 18 | 18.4
Fighting       | 4 5 6 7 10 11 12 13 14 15 16 17 18 | 18.4
Invocations    | 5 7 8 10 | 10.3
Evocations     | 2 5 6 8 |  8.0
Dodging        | 2 6 8 9 10 | 10.2
Shields        | |  3.6

Action                   |  1- 3 |  4- 6 |  7- 9 | 10-12 | 13-15 | 16-18 | 19-21 || total
-------------------------+-------+-------+-------+-------+-------+-------+-------++-------
Melee: War axe           |    35 |   114 |   141 |       |       |       |       ||   290
       Headbutt          |     7 |    17 |    60 |   112 |   204 |   224 |    37 ||   661
       Battleaxe         |       |       |   214 |   519 |  1046 |  1063 |    82 ||  2924
Throw: Throwing net      |       |       |       |       |     1 |     6 |       ||     7
Invok: Divine Shield     |       |       |     1 |    11 |    14 |    16 |     1 ||    43
       Summon Divine War |       |       |       |     1 |     8 |    11 |     5 ||    25
Evoke: Wand              |       |       |     7 |     6 |    12 |    21 |       ||    46
       Deck              |       |       |       |       |     1 |     1 |     4 ||     6
       Box of beasts     |       |       |       |       |       |     2 |     2 ||     4
       Fan of gales      |       |       |       |       |       |       |     1 ||     1
  Use: Potion            |     1 |     4 |     1 |       |    13 |     9 |     6 ||    34
       Scroll            |       |     3 |     5 |     8 |    22 |    15 |     6 ||    59
 Stab: Paralysed         |       |       |       |       |       |     1 |       ||     1
  Eat: Chunk             |       |     5 |     7 |     3 |    12 |     8 |       ||    35
       Fruit             |       |       |     3 |       |     5 |     7 |       ||    15
       Beef jerky        |       |       |     1 |     2 |     1 |     1 |       ||     5
       Pizza             |       |       |       |     7 |     1 |     1 |       ||     9
       Royal jelly       |       |       |       |     1 |     1 |       |       ||     2
       Meat ration       |       |       |       |       |     2 |     2 |     1 ||     5
Armor: Scale mail        |    19 |    60 |       |       |       |       |       ||    79
       Skin              |       |     5 |     2 |       |       |       |       ||     7
       Plate armour      |       |       |   192 |   364 |   637 |    94 |       ||  1287
       Troll hide        |       |       |       |       |     5 |       |       ||     5
       Ring mail         |       |       |       |       |    26 |   307 |       ||   333
       Gold dragon armou |       |       |       |       |       |    39 |    63 ||   102
Dodge: Dodged            |     5 |    31 |   119 |   220 |   440 |   534 |    50 ||  1399
Block: Shield            |    25 |    50 |    64 |       |       |       |       ||   139
       Other             |       |       |     1 |    66 |    62 |   112 |     9 ||   250
